 Dungeon Crawl Stone Soup version 0.30-a0-883-g5ad918d77d (webtiles) character file.

Game seed: 335526719110900233

5662 Lobster4 the Ruffian (level 10, -11/84 HPs)
             Began as a Ghoul Monk on Mar 15, 2023.
             Was a Priest of Wu Jian.
             Mangled by a six-headed hydra (14 damage)
             ... on level 9 of the Dungeon.
             The game lasted 00:34:23 (10076 turns).

Lobster4 the Ruffian (Ghoul Monk)                  Turns: 10076, Time: 00:34:23

Health: -11/84     AC:  7    Str: 24    XL:     10   Next: 75%
Magic:  13/13      EV: 14    Int:  5    God:    Wu Jian [***...]
Gold:   591        SH:  0    Dex: 13    Spells: 10/14 levels left

rFire   . . .      SeeInvis .    b - +1 hand crossbow
rCold   + . .      Faith    .    (no shield)
rNeg    + + +      Spirit   .    h - +2 robe {Will+}
rPois   ∞          Reflect  .    y - +2 helmet
rElec   .          Rampage  .    G - scarf {repulsion}
rCorr   .                        (no gloves)
Will    ++...                    (no boots)
Stlth   +++                      n - amulet of magic regeneration
HPRegen 0.00/turn                E - ring of willpower
MPRegen 0.53/turn                M - +6 ring of strength

@: inhibited regen, repel missiles
A: claws 1, cold resistance 1, negative energy resistance 3, inhibited
regeneration, torment resistance 2, devour on kill
a: Renounce Religion, Wall Jump, Serpent's Lash


You were on level 9 of the Dungeon.
You worshipped Wu Jian.
Wu Jian was most pleased with you.
You visited 2 branches of the dungeon, and saw 10 of its levels.
You also visited: Sewer and Ossuary.

You collected 791 gold pieces.
You spent 200 gold pieces at shops.

Inventory:

Hand Weapons
 b - a +1 hand crossbow (weapon)
 C - the +16 obsidian axe {drain, demonic, Mesm Drain Fly SInv}
   (You took it off an orc on level 7 of the Dungeon)

   Mesm:      Its wielder is mesmerised by any visible foes, and it cannot be
   unequipped while any foes are visible.
   SInv:      It lets you see invisible.
   Fly:       It grants you flight.
   Drain:     It drains your maximum health when unequipped.
Missiles
 g - 3 javelins
 K - 2 boomerangs
 L - 3 silver boomerangs
Armour
 e - a +1 ring mail
 f - a +0 buckler
 h - a +2 robe of willpower (worn)
 m - a +2 cloak
 u - a +0 scale mail of fire resistance
 y - a +2 helmet (worn)
 G - a scarf of repulsion (worn)
Jewellery
 n - an amulet of magic regeneration (around neck)
 E - a ring of willpower (left claw)
 M - a +6 ring of strength (right claw)
Wands
 a - a wand of charming (3)
 l - a wand of polymorph (6)
 x - a wand of flame (22)
 D - a wand of mindburst (5)
Scrolls
 o - 4 scrolls of enchant weapon
 r - 2 scrolls of fog
 s - a scroll of blinking
 v - a scroll of poison {unknown}
 w - a scroll of summoning {unknown}
 A - a scroll of silence
 F - 2 scrolls of identify
 I - 2 scrolls of teleportation
 J - a scroll of immolation
Potions
 c - a potion of ambrosia
 d - 2 potions of might
 i - 3 potions of haste
 j - 7 potions of resistance
 k - 6 potions of curing
 p - 5 potions of degeneration
 q - 5 potions of brilliance
 t - 2 potions of berserk rage
 z - 8 potions of flight
 B - a potion of mutation
 H - a potion of lignification {unknown}
 N - a potion of attraction {unknown}


   Skills:
 + Level 6.9 Fighting
 + Level 4.8 Ranged Weapons
 - Level 3.0 Throwing
 + Level 4.9 Armour
 + Level 5.8 Dodging
 + Level 6.9 Stealth
 + Level 6.9 Unarmed Combat
 + Level 2.8 Spellcasting
 + Level 2.2 Conjurations
 + Level 2.8 Ice Magic
 - Level 3.0 Earth Magic
 + Level 2.3 Evocations


You had 10 spell levels left.
You knew the following spells:

 Your Spells              Type           Power      Damage    Failure   Level
a - Sandblast             Erth           6%         2d5       12%         1
b - Hailstorm             Conj/Ice       3%         3d3       38%         3

Your spell library contained the following spells:

 Spells                   Type           Power      Damage    Failure   Level
 Passwall                 Tmut/Erth      1%         N/A       32%         2
 Ensorcelled Hibernation  Hex/Ice        4%         N/A       34%         2
 Necrotise                Necr           0%         1d4       38%         1
 Stone Arrow              Conj/Erth      6%         3d7       38%         3
 Cigotuvi's Dreadful Rot  Necr/Pois/Air  0%         N/A       52%         2
 Poisonous Vapours        Pois/Air       0%         N/A       52%         2
 Mephitic Cloud           Conj/Pois/Air  1%         N/A       65%         3
 Summon Guardian Golem    Hex/Summ       0%         N/A       77%         3
 Swiftness                Air            0%         N/A       77%         3
 Anguish                  Hex/Necr       0%         N/A       99%         4
 Simulacrum               Ice/Necr       1%         N/A       100%        6
 Orb of Destruction       Conj           1%         9d5       100%        7
 Spellforged Servitor     Conj/Summ      0%         N/A       100%        7
 Spider Form              Tmut/Pois      Unusable   N/A       N/A         3
 Ice Form                 Ice/Tmut       Unusable   N/A       N/A         4

Dungeon Overview and Level Annotations

Branches:
Dungeon (9/15)             Temple (1/1) D:4           Sewer (visited)
Ossuary (visited)
   Lair: D:8-11         Orc: D:9-12

Altars:
Ashenzari
Dithmenos
Fedhas
Gozag
Hepliaklqana
Kikubaaqudgha
Makhleb
Nemelex Xobeh
Okawaru
Qazlal
Ru
Sif Muna
Trog
Uskayaw
Vehumet
Wu Jian
Xom

Shops:
D:1 ?[   D:4 *

Annotations:
D:5 2 transporters, viagra's ghost, novice AtFi
D:6 3 runed translucent doors, bmack86's ghost, novice MiFi


Innate Abilities, Weirdness & Mutations

You are immune to poison.
You have sharp fingernails.
Your flesh is cold resistant. (rC+)
You are immune to negative energy. (rN+++)
You do not regenerate when monsters are visible.
You are immune to unholy pain and torment.
You thrive by killing the living.


Message History

You hear a shout!
An efreet comes into view.
It is wielding a +3 scimitar of flaming.
Aiming: Mindburst
Press: ? - help, Shift-Dir - straight line, f/p - six-headed hydra
Aim: a six-headed hydra (lightly wounded, chance to affect: 40%)
The six-headed hydra resists with some effort.
The wyvern hisses menacingly.
Aiming: Mindburst
Press: ? - help, Shift-Dir - straight line, f/p - six-headed hydra
Aim: a six-headed hydra (lightly wounded, chance to affect: 40%)
The six-headed hydra resists with some effort.
The six-headed hydra bites you.
The six-headed hydra closely misses you.
The six-headed hydra bites you! x2; The six-headed hydra bites you.
The six-headed hydra misses you.
Aiming: Mindburst
Press: ? - help, Shift-Dir - straight line, f/p - six-headed hydra
Aim: a six-headed hydra (lightly wounded, chance to affect: 40%)
The six-headed hydra's minds are blasted!!
You hear a horrible gurgling sound!
You hear an angry hiss.
The six-headed hydra bites you but does no damage.
The six-headed hydra bites you!
The six-headed hydra closely misses you.
The six-headed hydra barely misses you. The six-headed hydra bites you. x2
The wyvern is engulfed in blazing flames.
Aiming: Mindburst
Press: ? - help, Shift-Dir - straight line, f/p - six-headed hydra
Aim: a six-headed hydra (heavily wounded, chance to affect: 40%)
The six-headed hydra's minds are blasted!!
The wyvern is engulfed in blazing flames.
A cyclops comes into view.
The six-headed hydra bites you! The six-headed hydra bites you.
The six-headed hydra bites you!
* * * LOW HITPOINT WARNING * * *
The six-headed hydra bites you!
* * * LOW HITPOINT WARNING * * *
The six-headed hydra bites you!
* * * LOW HITPOINT WARNING * * *
The six-headed hydra bites you!
You die...

.♣ ~$#♣ C○.. #°.♣ ♣l.♣ ♣☼R♣♣
♣DJ♣♣ ♣@.♣♣ ♣♣..♣♣ ♣♣..♣
####### #♣.♣## ######
#.....# ♣♣♣...♣♣♣♣♣#.♣.♣.
#♣♣♣♣.♣♣♣ ♣♣.♣♣♣♣.♣♣.♣♣..♣).
♣....)♣♣♣.♣...♣♣..♣.......
#♣♣♣♣.♣♣)♣.♣♣♣..♣♣.♣♣♣♣..♣..
#.....#♣♣.♣♣ ♣..))♣♣ #.♣.♣.


You could see a six-headed hydra, a slime creature, a cyclops, an efreet and a
wyvern.

Vanquished Creatures
  A centaur warrior (D:8)
  Pikel (D:5)
  A manticore (D:7)
  A wraith (D:9)
  Edmund (D:4)
  2 water moccasins
  3 orc warriors
  A black bear (D:6)
  2 ogres (D:5)
  5 centaurs
  2 lemures (D:5)
  3 phantoms
  Blork the orc (D:5)
  3 bullfrogs
  A gnoll sergeant (D:9)
  A scorpion (D:7)
  13 wights
  12 killer bees
  A howler monkey (D:5)
  A human zombie (Ossuary)
  8 hounds
  An orc priest (D:8)
  2 iguanas
  8 orc wizards
  2 ogre zombies (D:6)
  A hound zombie (Ossuary)
  4 mummies (Ossuary)
  2 gnoll zombies
  10 adders
  3 gnolls (D:2)
  6 river rats (Sewer)
  3 shadow imps
  3 white imps
  2 ufetubi (D:6)
  An adder zombie (Ossuary)
  4 worms
  A dart slug (D:2)
  29 orcs
  15 bats
  8 endoplasms
  4 giant cockroaches
  2 goblins (D:2)
  2 hobgoblins
  8 jackals
  4 quokkas
  14 ball pythons
  6 frilled lizards
  A goblin zombie (Ossuary)
  2 hobgoblin zombies (Ossuary)
  2 jackal zombies (Ossuary)
  5 kobolds
  An orc zombie (Ossuary)
  8 rats
  2 rat zombies (Ossuary)
230 creatures vanquished.

Vanquished Creatures (others)
  An orc wizard (D:8)
  A shadow imp (D:6)
  A plant (D:1)
3 creatures vanquished.

Grand Total: 233 creatures vanquished

Notes
Turn   | Place    | Note
-------+----------+-------------------------------------------
     0 | D:1      | Lobster4 the Ghoul Monk began the quest for the Orb.
     0 | D:1      | Reached XP level 1. HP: 19/19 MP: 0/0
   120 | D:1      | Reached XP level 2. HP: 23/26 MP: 1/1
   207 | D:1      | Found a faded altar of an unknown god.
   215 | D:1      | Got Plato's Quarto of Lamentation
   283 | D:1      | Found Caikh's Magic Scroll Emporium.
   746 | D:1      | Found Iwkay's Antique Armour Emporium.
   772 | D:1      | Bought a scroll of identify for 26 gold pieces
   773 | D:1      | Bought a scroll of identify for 26 gold pieces
   847 | D:2      | Reached XP level 3. HP: 31/31 MP: 2/2
   866 | D:2      | Found a radiant altar of Vehumet.
  1309 | D:2      | Reached skill level 1 in Ranged Weapons
  1309 | D:2      | Reached skill level 1 in Armour
  1376 | D:2      | Reached XP level 4. HP: 40/40 MP: 3/3
  1453 | D:2      | You fall into a shaft and drop 1 floor!
  1770 | D:3      | Reached XP level 5. HP: 46/46 MP: 4/4
  2214 | D:4      | Found Weetybr Lidi's General Store.
  2257 | D:4      | Bought a potion of might for 44 gold pieces
  2283 | D:4      | Found a staircase to the Ecumenical Temple.
  2290 | Temple   | Entered the Ecumenical Temple
  2710 | D:4      | Bought a scroll of blinking for 82 gold pieces
  2735 | D:4      | Noticed Edmund
  2757 | D:4      | Killed Edmund
  2758 | D:4      | Reached skill level 1 in Throwing
  2758 | D:4      | Reached XP level 6. HP: 28/52 MP: 5/5
  3184 | D:4      | Bought a scroll of identify for 22 gold pieces
  3201 | D:5      | Entered Level 5 of the Dungeon
  3234 | D:5      | Noticed Blork the orc
  3249 | D:5      | Killed Blork the orc
  3250 | D:5      | Reached XP level 7. HP: 47/60 MP: 6/6
  3471 | D:5      | Found a transporter.
  3472 | D:5      | Noticed viagra's ghost (novice AtFi)
  3687 | D:5      | Found a transporter.
  3788 | D:5      | Found a glowing drain.
  3801 | Sewer    | Entered a sewer
  4258 | Sewer    | Reached XP level 8. HP: 52/67 MP: 7/7
  4592 | D:5      | Reached skill level 5 in Fighting
  4616 | D:5      | Reached skill level 5 in Unarmed Combat
  4646 | D:5      | Noticed Pikel
  4663 | D:5      | Killed Pikel
  4664 | D:5      | Reached skill level 5 in Stealth
  4823 | D:5      | Learned a level 1 spell: Sandblast
  5192 | D:6      | Found a hazy altar of Hepliaklqana.
  5211 | D:6      | Found a transporter.
  5227 | D:6      | Reached XP level 9. HP: 68/74 MP: 8/8
  5395 | D:6      | Found a runed translucent gate.
  5395 | D:6      | Found a runed translucent gate.
  5395 | D:6      | Found a runed translucent gate.
  5395 | D:6      | Noticed bmack86's ghost (novice MiFi)
  5410 | D:6      | Reached skill level 1 in Earth Magic
  5692 | D:6      | Found an ornate altar of the Wu Jian Council.
  5842 | D:6      | Found a transporter.
  6129 | D:6      | Reached skill level 1 in Spellcasting
  6224 | D:6      | Reached skill level 5 in Dodging
  6316 | D:6      | Found a shimmering altar of Xom.
  6595 | D:6      | Learned a level 3 spell: Hailstorm
  6822 | D:7      | Found a sand-covered staircase.
  6835 | Ossuary  | Entered an ossuary
  7112 | D:7      | Noticed a manticore
  7187 | D:6      | Became a worshipper of the Wu Jian Council
  7187 | D:6      | Reached * piety under Wu Jian
  7187 | D:6      | Reached ** piety under Wu Jian
  7415 | D:7      | HP: 3/75 [manticore (5)]
  7653 | D:7      | Reached skill level 1 in Ice Magic
  7654 | D:7      | Reached skill level 1 in Conjurations
  7898 | D:7      | Killed a manticore
  7899 | D:7      | Reached XP level 10. HP: 40/84 MP: 10/12
  8106 | D:8      | Reached skill level 1 in Evocations
  8763 | D:8      | Noticed a centaur warrior
  9334 | D:8      | Reached *** piety under Wu Jian
  9411 | D:8      | Killed a centaur warrior
  9814 | D:9      | Found a broken altar of Ashenzari.
 10069 | D:9      | Noticed a six-headed hydra
 10076 | D:9      | Noticed a cyclops
 10076 | D:9      | HP: 3/84 [six-headed hydra (12)]
 10076 | D:9      | Mangled by a six-headed hydra

Illustrated notes

Levels and vault maps discovered:
D:1:      co_arrival_square_in_a_square_in_a_square, layout_basic,
          shapermc_ecumenical_altar_rom_forum, serial_shops, shop, shop,
          minmay_misc_feat_alley
D:2:      layout_basic, basic_altar
D:3:      layout_loops_cross, zin_treasury, fountainhead,
          palyth_stone_intersect, amcnicky_mini_corridor_feature
D:4:      layout_rooms, minmay_temple_entry_nine_rooms, serial_shops,
          shop_fountains, uniq_edmund
D:5:      layout_basic, gammafunk_ghost_stat_death, portal_sewer_entry_b,
          st_stairs_12, uniq_pikel, uniq_blork_the_orc
D:6:      gammafunk_cloud_chamber, layout_loops_corners, amcnicky_altar_gilded,
          xom_confusion_cloud, mainiacjoe_overflow_catwalk,
          ebering_ghost_rock_garden
D:7:      layout_rooms, chequers_ossuary_entry_cave, minmay_microvault
D:8:      layout_rooms
D:9:      nzn_winding_woodlands_large [nzn_winding_woodlands_hourglass,
          nzn_winding_woodlands_5x15_crooked, nzn_winding_woodlands_5x5_three,
          nzn_winding_woodlands_center_pierced_h,
          nzn_winding_woodlands_15x15_thick_spiral,
          nzn_winding_woodlands_center_triple_pond,
          nzn_winding_woodlands_5x5_checkerboard,
          nzn_winding_woodlands_5x15_twine,
          nzn_winding_woodlands_5x5_open_star], layout_cave_pools,
          nicolae_ashenzari_panopticon
Temple:   regret_index_temple_generic_petals

Skill      XL: |  1  2  3  4  5  6  7  8  9 10 |
---------------+-------------------------------+-----
Ranged Weapons | 1 2 3 4 |  4.8
Armour         | 1 2 3 4 |  4.9
Dodging        | 3 4 5 |  5.8
Stealth        | 3 4 5 6 |  6.9
Fighting       | 4 5 6 |  6.9
Unarmed Combat | 4 5 6 |  6.9
Throwing       | 1 2 3 |  3.0
Earth Magic    | 2 3 |  3.0
Spellcasting   | 2 |  2.8
Ice Magic      | 1 2 |  2.8
Conjurations   | 1 2 |  2.2
Evocations     | 2 |  2.3

Action                     |  1- 3 |  4- 6 |  7- 9 | 10-12 || total
---------------------------+-------+-------+-------+-------++-------
  Melee: Unarmed           |    29 |    38 |   145 |    81 ||   293
         Punch             |       |     1 |     5 |     4 ||    10
   Fire: Hand crossbow     |    45 |    75 |   284 |   120 ||   524
  Throw: Javelin           |       |       |       |     1 ||     1
   Cast: Sandblast         |       |       |       |     4 ||     4
Ability: Whirlwind         |       |       |       |     2 ||     2
         Lunge             |       |       |       |     1 ||     1
  Evoke: Wand              |       |       |     1 |     7 ||     8
    Use: Scroll            |     4 |     1 |    16 |       ||    21
         Potion            |       |     2 |     2 |     2 ||     6
   Stab: Sleeping          |       |       |       |     2 ||     2
 Armour: Ring mail         |     9 |    29 |       |       ||    38
         Robe              |       |       |   155 |    68 ||   223
  Dodge: Dodged            |    29 |    65 |   367 |   170 ||   631
         Repelled          |       |       |       |     2 ||     2

Table legend: (Time is in decaauts)
 A = Elapsed time spent in this place.
 B = Non-inter-level travel time spent in this place.
 C = Inter-level travel time spent in this place.
 D = Time resting spent in this place.
 E = Time spent auto-exploring this place.
 F = Levels seen in this place.
 G = Mean time per level.
                   A        B        C        D        E       F      G
               +--------+--------+--------+--------+--------+-----+--------+
         Total |  10570 |   9986 |    584 |   1612 |   6021 |  12 |  880.8 |
       Dungeon |   9185 |   8625 |    560 |   1466 |   5126 |   9 | 1020.6 |
        Temple |    229 |    205 |     24 |      0 |    200 |   1 |  229.0 |
         Sewer |    900 |    900 |      0 |     83 |    598 |   1 |  900.0 |
       Ossuary |    254 |    254 |      0 |     63 |     97 |   1 |  254.0 |
               +--------+--------+--------+--------+--------+-----+--------+

Top non-repeatable levels by time:
     D:6: 1555 daAuts
     D:5: 1448 daAuts
     D:7: 1398 daAuts
     D:8: 1339 daAuts
   Sewer: 900 daAuts
     D:1: 888 daAuts
     D:4: 777 daAuts
     D:3: 750 daAuts
     D:2: 636 daAuts
     D:9: 389 daAuts
 Ossuary: 254 daAuts
  Temple: 229 daAuts
